 Dungeon Crawl Stone Soup version 0.32-a0-868-g153ae1a8d6 (webtiles) character file.

Game seed: 111232244613127336

12804 Frost42 the Carver (level 11, -4/101 HPs)
             Began as a Mountain Dwarf Berserker on Mar 28, 2024.
             Was a High Priest of Trog.
             Slain by a nine-headed hydra (8 damage)
             ... on level 1 of the Lair of Beasts.
             The game lasted 00:54:47 (9405 turns).

Frost42 the Carver (Mountain Dwarf Berserker)       Turns: 9405, Time: 00:54:47

Health: -4/101     AC: 14    Str: 24    XL:     11   Next: 67%
Magic:  11/11      EV: 17    Int:  6    God:    Trog [*****.]
Gold:   583        SH:  0    Dex:  9    Spells: 10/10 levels left

rFire   . . .        w - +7 Throatcutter {drain, coup de grace}
rCold   . . .        (no shield)
rNeg    + . .        r - +1 leather armour of Rotini {rElec rN+ Int-2 Slay+6}
rPois   .            m - +0 helmet
rElec   +            (no cloak)
rCorr   .            F - +0 pair of gloves
SInv    .            C - +1 pair of boots
Will    +....        d - amulet of regeneration
Stlth   +            t - +5 ring of evasion
HPRegen 1.16/turn    g - +4 ring of protection
MPRegen 0.12/turn

%: no passive effects
@: about to teleport, studying Ranged Weapons
A: runic magic, artefact enchanting
a: Renounce Religion, Berserk, Trog's Hand, Brothers in Arms


You were on level 1 of the Lair of Beasts.
You worshipped Trog.
Trog was extremely pleased with you.
You visited 2 branches of the dungeon, and saw 11 of its levels.

You collected 583 gold pieces.

Inventory:

Hand Weapons
 q - a +4 hand axe
 w - the +7 Throatcutter (weapon) {drain, coup de grace}
   (You took it off Terence on level 2 of the Dungeon)
 G - a +0 scimitar of protection
 H - a +2 vampiric rapier
 K - a +3 trident of freezing
Missiles
 e - 34 stones (quivered)
 u - 12 poisoned darts
 y - 7 boomerangs
Armour
 j - an orb of wrath
 m - a +0 helmet (worn)
 r - the +1 leather armour of Rotini (worn) {rElec rN+ Int-2 Slay+6}
   (You found it on level 2 of the Dungeon)

   Int-2:     It affects your intelligence (-2).
   Slay+6:    It affects your accuracy & damage with ranged weapons and melee
   (+6).
   rElec:     It insulates you from electricity.
   rN+:       It protects you from negative energy.
 C - a +1 pair of boots (worn)
 F - a +0 pair of gloves (worn)
Jewellery
 a - a ring of flight
 d - an amulet of regeneration (around neck)
 g - a +4 ring of protection (right hand)
 p - a +6 ring of strength
 t - a +5 ring of evasion (left hand)
 J - a ring of willpower
Wands
 E - a wand of warping (10)
Scrolls
 h - a scroll of revelation {unknown}
 i - a scroll of enchant armour
 k - a scroll of enchant weapon
 l - a scroll of blinking {unknown}
 n - 2 scrolls of fear {unknown}
 o - 3 scrolls of teleportation
 M - a scroll of poison
Potions
 c - 2 potions of curing
 f - 3 potions of heal wounds {unknown}
 s - 3 potions of haste
 v - a potion of berserk rage {unknown}
 x - a potion of magic
 z - a potion of degeneration {unknown}
 D - a potion of lignification {unknown}
 L - 2 potions of invisibility {unknown}


   Skills:
 * Level 10.5 Fighting
 - Level 0.1(6.4) Short Blades
 * Level 11.2 Long Blades
 - Level 4.3 Axes
 + Level 3.1 Throwing
 * Level 7.9 Armour
 + Level 5.5 Dodging
 + Level 1.9 Stealth
 + Level 1.1 Evocations


You had 10 spell levels left.
You didn't know any spells.
Your spell library was empty.

Dungeon Overview and Level Annotations

Branches:
Dungeon (9/15)             Temple (0/1) D:5            Lair (2/5) D:9
  Swamp (0/4) Lair:2
  Snake: Lair:2-3    Spider: Lair:2-3       Orc: D:9-12

Altars:
Nemelex Xobeh
Sif Muna
Trog
Xom


Innate Abilities, Weirdness & Mutations

Your spellcasting is much less encumbered by armour.
You can use scrolls of enchantment on lesser artefacts.


Message History

The nine-headed hydra bites you! x2
The nine-headed hydra completely misses you.
The nine-headed hydra bites you!
The nine-headed hydra closely misses you.
The nine-headed hydra bites you!
* * * LOW HITPOINT WARNING * * *
The nine-headed hydra barely misses you.
You feel better. The nine-headed hydra bites you.
The nine-headed hydra closely misses you.
The nine-headed hydra bites you but does no damage.
The nine-headed hydra closely misses you.
The nine-headed hydra barely misses you.
The nine-headed hydra bites you but does no damage. x2
The nine-headed hydra completely misses you.
The nine-headed hydra bites you.
* * * LOW HITPOINT WARNING * * *
As you read the scroll of teleportation, it crumbles to dust.
You feel strangely unstable.
The nine-headed hydra barely misses you.
The nine-headed hydra bites you.
* * * LOW HITPOINT WARNING * * *
The nine-headed hydra completely misses you.
The nine-headed hydra bites you but does no damage.
The nine-headed hydra bites you!
* * * LOW HITPOINT WARNING * * *
The nine-headed hydra bites you but does no damage.
The nine-headed hydra misses you. The nine-headed hydra bites you.
* * * LOW HITPOINT WARNING * * *
The nine-headed hydra closely misses you.
You feel better. The nine-headed hydra bites you!
* * * LOW HITPOINT WARNING * * *
The nine-headed hydra bites you but does no damage.
The nine-headed hydra bites you!
* * * LOW HITPOINT WARNING * * *
The nine-headed hydra bites you.
* * * LOW HITPOINT WARNING * * *
The nine-headed hydra misses you. The nine-headed hydra bites you.
* * * LOW HITPOINT WARNING * * *
The nine-headed hydra bites you!
You die...

...## #......................
†...# #............#.........
...## #...........##.........
...### #....÷.......#.........
.>.'.######...........##.........
...#....#.#...........##.........
...####.[÷'.........>.##.........
...# #####...........##.####.###
'### #.....@D....## ## .#
###'###.#....########P# ## #.#
#.#.............. # #### ##.#
#..........##.#.# ####..### #..#
##............... ##......# ##.#
#P.............. ..###..##
#..#####....#......... .<......#
##...# ##..##.........
..##...########.# #..###.........


You could see a nine-headed hydra.

Vanquished Creatures
  3 two-headed ogres (D:9)
  A bog body (Lair:2)
  3 elephants
  7 cane toads
  A komodo dragon (Lair:1)
  2 hornets
  Eustachio (D:6)
  11 yaks
  Grum (D:9)
  2 basilisks (Lair:1)
  2 steam dragons (D:8)
  Menkaure (D:7)
  A swamp worm (Lair:2)
  4 water moccasins (Lair:1)
  An ice beast (D:5)
  An orc warrior (D:9)
  A black bear (D:6)
  2 centaurs
  6 wolves
  An ogre (D:5)
  A phantom (D:5)
  8 bullfrogs
  2 gnoll sergeants
  A scorpion (D:6)
  17 wights
  3 killer bees (D:9)
  2 jellies
  5 electric eels
  2 howler monkeys (D:8)
  4 bombardier beetles
  2 sleepcaps
  An orc priest (D:9)
  3 hounds
  2 iguanas (D:5)
  Ijyb (D:3)
  Terence (D:2)
  5 orc wizards
  Robin (D:2)
  6 adders
  10 gnolls
  3 shadow imps
  2 white imps
  2 ufetubi (D:6)
  3 dart slugs
  19 orcs
  6 endoplasms
  2 giant cockroaches (D:2)
  6 hobgoblins
  4 jackals
  A quokka (D:5)
  6 ball pythons
  5 bats
  A frilled lizard (D:3)
  17 goblins
  9 kobolds
  6 rats
  A butterfly (Lair:1)
222 creatures vanquished.

Vanquished Creatures (others)
  A gnoll (D:8)
1 creature vanquished.

Grand Total: 223 creatures vanquished

Notes
Turn   | Place    | Note
-------+----------+-------------------------------------------
     0 | D:1      | Frost42 the Mountain Dwarf Berserker began the quest for
                  | the Orb.
     0 | D:1      | Reached XP level 1. HP: 19/19 MP: 1/1
   121 | D:1      | Found a faded altar of an unknown god.
   183 | D:1      | Reached XP level 2. HP: 27/27 MP: 2/2
   847 | D:1      | You fall into a shaft and drop 1 floor!
   865 | D:2      | Found a bloodstained altar of Trog.
   881 | D:2      | Noticed Robin
   893 | D:2      | Reached XP level 3. HP: 29/33 MP: 3/3
   908 | D:3      | Noticed Ijyb
   929 | D:2      | Reached ** piety under Trog
   931 | D:2      | Killed Robin
  1184 | D:2      | Identified the +0 leather armour of Rotini {rElec rN+ Int-2
                  | Slay+6}
  1437 | D:2      | Reached XP level 4. HP: 37/40 MP: 4/4
  1480 | D:2      | Noticed Terence
  1488 | D:2      | Killed Terence
  1738 | D:2      | Reached XP level 5. HP: 47/47 MP: 5/5
  2332 | D:3      | Found a shimmering altar of Xom.
  2387 | D:3      | Killed Ijyb
  2388 | D:3      | Reached skill level 1 in Long Blades
  2390 | D:3      | Found a shimmering blue altar of Sif Muna.
  3167 | D:4      | Reached skill level 5 in Fighting
  3253 | D:4      | Reached *** piety under Trog
  3466 | D:4      | Reached XP level 6. HP: 56/56 MP: 6/6
  4144 | D:4      | Reached skill level 2 in Long Blades
  4182 | D:5      | Entered Level 5 of the Dungeon
  4482 | D:5      | Reached XP level 7. HP: 61/61 MP: 7/7
  4645 | D:5      | Reached skill level 3 in Long Blades
  4661 | D:5      | Found a staircase to the Ecumenical Temple.
  4874 | D:5      | Reached skill level 1 in Throwing
  4996 | D:5      | Reached skill level 4 in Long Blades
  5489 | D:6      | Noticed Eustachio
  5493 | D:6      | Killed Eustachio
  5494 | D:6      | Reached XP level 8. HP: 70/70 MP: 8/8
  5564 | D:6      | You fall into a shaft and drop 3 floors!
  5585 | D:9      | Reached skill level 5 in Long Blades
  5657 | D:9      | Noticed a two-headed ogre
  5668 | D:9      | Killed a two-headed ogre
  5669 | D:9      | Reached skill level 6 in Long Blades
  5669 | D:9      | Reached skill level 5 in Armour
  5669 | D:9      | Reached skill level 1 in Stealth
  5740 | D:9      | Reached **** piety under Trog
  5817 | D:9      | Reached XP level 9. HP: 31/79 MP: 9/9
  5967 | D:9      | Paralysed by a hornet for 2 turns
  6099 | D:9      | Noticed Grum
  6123 | D:9      | Killed Grum
  6124 | D:9      | Reached skill level 7 in Long Blades
  6424 | D:8      | Reached skill level 8 in Long Blades
  6577 | D:7      | Noticed Menkaure
  6590 | D:7      | Killed Menkaure
  6620 | D:7      | Found a sparkling altar of Nemelex Xobeh.
  6704 | D:7      | Reached XP level 10. HP: 88/88 MP: 10/10
  7670 | D:8      | Reached skill level 9 in Long Blades
  7821 | D:9      | Noticed a two-headed ogre
  7829 | D:9      | Killed a two-headed ogre
  7836 | D:9      | Found a staircase to the Lair.
  7854 | D:9      | Noticed a two-headed ogre
  7871 | D:9      | Killed a two-headed ogre
  8139 | Lair:1   | Entered Level 1 of the Lair of Beasts
  8210 | Lair:1   | Reached ***** piety under Trog
  8210 | Lair:1   | Noticed a cane toad
  8224 | Lair:1   | Killed a cane toad
  8233 | Lair:1   | Noticed a cane toad
  8240 | Lair:1   | Reached skill level 1 in Evocations
  8245 | Lair:1   | Killed a cane toad
  8246 | Lair:1   | Reached XP level 11. HP: 86/99 MP: 11/11
  8294 | Lair:1   | Reached skill level 10 in Long Blades
  8294 | Lair:1   | Reached skill level 5 in Dodging
  8303 | Lair:1   | Reached skill level 10 in Fighting
  8983 | Lair:2   | Noticed a skyshark
  9089 | Lair:2   | Found a staircase to the Swamp.
  9095 | Lair:2   | Noticed a bog body
  9107 | Lair:2   | Killed a bog body
  9181 | Lair:2   | Noticed a seven-headed hydra
  9272 | Lair:1   | Reached skill level 11 in Long Blades
  9405 | Lair:1   | HP: 4/101 [nine-headed hydra (3)]
  9405 | Lair:1   | Slain by a nine-headed hydra

Illustrated notes

Levels and vault maps discovered:
D:1:      minmay_arrival_arboretum_small, layout_loops_ring,
          ebering_ecumenical_altar_mist, minivault_19
D:2:      layout_basic, basic_altar, uniq_terence, uniq_robin
D:3:      layout_basic, amcnicky_altar_gilded, xom_teletrap_fun,
          minmay_misc_feat_hallway, uniq_ijyb
D:4:      layout_gridville, serial_library, serial_library_hellmonk_junction,
          serial_library_hellmonk_small_corner,
          serial_library_hellmonk_big_corner, serial_library_hellmonk_room_a,
          serial_library_hellmonk_filled_rooms, serial_library_hellmonk_h_bend,
          serial_library_hellmonk_semicircle,
          serial_library_regret_index_headful,
          serial_library_hellmonk_small_corner,
          serial_library_regret_index_small_wings,
          serial_library_regret_index_double_sided,
          serial_library_hellmonk_open_square
D:5:      layout_loops_ring, minmay_temple_entry_glassed_door, serial_bayou,
          serial_bayou_crossing, serial_bayou_lagoon_b, serial_bayou_pond_e,
          serial_bayou_lagoon_a, serial_bayou_pond_a,
          hangedman_decor_clover_reticule
D:6:      layout_rooms, uniq_eustachio
D:7:      layout_rooms, lemuel_crystal_altar, uniq_menkaure
D:8:      layout_rooms
D:9:      layout_basic, lair_entry_dummy, st_stairs_8, uniq_grum
Lair:1:   layout_roguey, dpeg_stationary_puzzle, lemuel_fruit_fields,
          serial_bayou_shore_a
Lair:2:   layout_chaotic_city, nicolae_swamp_entry_splash_gauntlet,
          wad_woods_02, grunt_megastairs_1, lemuel_fruit_fields,
          serial_bayou_shore_b

Skill      XL: |  1  2  3  4  5  6  7  8  9 10 11 |
---------------+----------------------------------+-----
Axes           | 4 |  4.3
Fighting       | 4 5 6 7 8 9 10 | 10.5
Armour         | 3 4 5 6 7 |  7.9
Long Blades    | 1 2 4 6 8 9 11 | 11.2
Dodging        | 2 3 4 5 |  5.5
Throwing       | 1 2 3 |  3.1
Stealth        | 1 |  1.9
Evocations     | 1 |  1.1
Short Blades   | |  0.1

Action                     |  1- 3 |  4- 6 |  7- 9 | 10-12 || total
---------------------------+-------+-------+-------+-------++-------
  Melee: Hand axe          |    70 |       |       |       ||    70
         Short sword       |    13 |     6 |       |       ||    19
         Long sword        |       |    84 |   173 |   177 ||   434
  Throw: Stone             |     4 |    18 |    11 |    14 ||    47
         Dart              |       |     6 |     4 |     8 ||    18
         Boomerang         |       |       |       |     5 ||     5
 Invoke: Trog's Hand       |       |       |     1 |       ||     1
  Evoke: Wand              |       |       |     3 |     5 ||     8
    Use: Scroll            |       |     7 |     4 |     4 ||    15
         Potion            |       |       |       |     2 ||     2
   Stab: Invisible         |       |       |     1 |     1 ||     2
 Armour: Animal skin       |     7 |       |       |       ||     7
         Chain mail        |   108 |       |       |       ||   108
         Leather armour    |    10 |    50 |   137 |   212 ||   409
         Skin              |     1 |       |       |       ||     1
  Dodge: Dodged            |    70 |    97 |   249 |   235 ||   651

Table legend: (Time is in decaauts)
 A = Elapsed time spent in this place.
 B = Non-inter-level travel time spent in this place.
 C = Inter-level travel time spent in this place.
 D = Time resting spent in this place.
 E = Time spent auto-exploring this place.
 F = Levels seen in this place.
 G = Mean time per level.
                   A        B        C        D        E       F      G
               +--------+--------+--------+--------+--------+-----+--------+
         Total |   9538 |   8292 |   1246 |    238 |   1600 |  11 |  867.1 |
       Dungeon |   8256 |   7153 |   1103 |    201 |   1545 |   9 |  917.3 |
          Lair |   1281 |   1138 |    143 |     37 |     55 |   2 |  640.5 |
               +--------+--------+--------+--------+--------+-----+--------+

Top non-repeatable levels by time:
     D:4: 1386 daAuts
     D:5: 1176 daAuts
     D:3: 1111 daAuts
     D:9: 1049 daAuts
     D:2: 1037 daAuts
  Lair:1: 990 daAuts
     D:1: 885 daAuts
     D:6: 557 daAuts
     D:8: 553 daAuts
     D:7: 498 daAuts
  Lair:2: 291 daAuts
